 Dungeon Crawl Stone Soup version 0.30-b1-2-g02819fbbbe (webtiles) character file.

Game seed: 10709042641176078985

16281 MisterFreud the Spry (level 12, -4/87 HPs)
             Began as a Felid Berserker on June 26, 2023.
             Was an Elder of Trog.
             Slain by a blink frog (19 damage)
             ... on level 4 of the Lair of Beasts.
             The game lasted 00:22:13 (13344 turns).

MisterFreud the Spry (Felid Berserker)             Turns: 13344, Time: 00:22:14

Health: -4/87      AC:  3    Str: 13    XL:     12   Next: 8%
Magic:  13/13      EV: 35    Int:  9    God:    Trog [****..]
Gold:   878        SH:  0    Dex: 26    Spells: 11/11 levels left
                                        Lives:  0   Deaths: 3

rFire   + .          .
                       - Unarmed
rCold   + + .        (shield unavailable)
rNeg    . . .        (body armour unavailable)
rPois   .            (helmet unavailable)
rElec   +            (cloak unavailable)
rCorr   .            (gloves unavailable)
SInv    +            (boots unavailable)
Will    +....        x - amulet of Exhibitionism {Acrobat rElec rF+ Regen+} Stlth
                     b - +6 ring of dexterity
HPRegen 1.14/turn    k - ring of protection from cold
MPRegen 0.13/turn

%: acrobat
@: berserking, studying Stealth, very quick
A: very small, claws 1, fangs 3, see invisible, speed 1, shaggy fur 3, stealthy
paws, no weapons or thrown items, no armour, multi-lived
a: Renounce Religion, Berserk, Trog's Hand, Brothers in Arms


You were on level 4 of the Lair of Beasts.
You worshipped Trog.
Trog was greatly pleased with you.
You visited 2 branches of the dungeon, and saw 15 of its levels.
You also visited: Bailey.

You collected 878 gold pieces.

Inventory:

Jewellery
 b - a +6 ring of dexterity (left paw)
 e - a ring of magical power
 f - a ring of fire
 h - an amulet of magic regeneration
 k - a ring of protection from cold (right paw)
 x - the amulet of Exhibitionism (around neck) {Acrobat rElec rF+ Regen+}
   (You acquired it on level 4 of the Lair of Beasts)

   [amulet of the acrobat]

   It increases your evasion while moving and waiting.
   rF:        It protects you from fire.
   rElec:     It insulates you from electricity.
   Regen:     It increases your rate of health regeneration.
Wands
 i - a wand of iceblast (15)
 j - a wand of mindburst (14)
 m - a wand of charming (2)
 q - a wand of flame (9)
 u - a wand of polymorph (4)
Scrolls
 a - 3 scrolls of teleportation
 l - a scroll of fear
 s - a scroll of magic mapping
 t - a scroll of summoning
 v - a scroll of acquirement
Potions
 c - a potion of attraction {unknown}
 d - 6 potions of mutation
 g - 2 potions of magic
 n - a potion of resistance
 o - a potion of brilliance
 p - 4 potions of cancellation
 r - 3 potions of ambrosia
 w - a potion of curing


   Skills:
 + Level 10.5 Fighting
 + Level 15.5 Dodging
 + Level 11.1 Stealth
 + Level 15.3 Unarmed Combat
 + Level 8.8 Evocations


You had 11 spell levels left.
You didn't know any spells.
Your spell library was empty.

Dungeon Overview and Level Annotations

Branches:
Dungeon (11/15)            Temple (0/1) D:4            Lair (4/5) D:9
  Swamp (0/4) Lair:2       Spider (0/4) Lair:3        Slime (0/5) Lair:4
    Orc (0/2) D:9          Bailey (visited)

Altars:
Cheibriados
Elyvilon
Gozag
Makhleb
Okawaru
Qazlal
Sif Muna
Trog
Uskayaw
Vehumet
Wu Jian
Yredelemnul
Zin
Jiyva

Shops:
D:2 [   D:4 :   D:7 ?

Annotations:
Lair:3 exclusion: oklob plant


Innate Abilities, Weirdness & Mutations

You have sharp claws.
You have razor-sharp teeth.
You have supernaturally acute eyesight. (SInv)
You cover ground quickly. (Speed+)
Your thick and shaggy fur keeps you warm. (AC +3, rC+)
Your paws help you pounce on unaware monsters.
You are incapable of wielding weapons or throwing items.
You cannot wear armour.
You gain extra lives every three experience levels.


Message History

You kill the blink frog!
Trog accepts your kill. The blink frog completely misses you.
The blink frog misses you.
You scratch the blink frog. Your bite misses the blink frog.
The blink frog is moderately wounded.
The blink frog completely misses you.
You mangle the blink frog!!
You kill the blink frog!
Trog accepts your kill. The blink frog misses you.
You claw the blink frog! Your claw misses the blink frog.
The blink frog is heavily wounded.
The blink frog hits you.
* * * LOW HITPOINT WARNING * * *
You barely miss the blink frog.
The blink frog is heavily wounded.
You mangle the blink frog!!
The blink frog is almost dead.
The blink frog barely misses you.
You barely miss the blink frog.
The blink frog is almost dead.
The blink frog hits you!
* * * LOW HITPOINT WARNING * * *
The blink frog blinks!
A blink frog comes into view. 2 blink frogs come into view.
The blink frog gives a loud, deep croak! x2
The blink frog croaks.
The blink frog misses you.
You claw the blink frog!
The blink frog is moderately wounded.
You closely miss the blink frog.
The blink frog is moderately wounded.
The blink frog blinks!
The blink frog hits you.
* * * LOW HITPOINT WARNING * * *
The blink frog blinks!
You closely miss the blink frog. You claw the blink frog!
The blink frog is almost dead.
The blink frog hits you!!
You die...

....... ......
#......##.......
................
.................
..................
..................
.........†F.......
.......!........§.
..........@....§..
...........F......
.............F.F..
#####.........F..
#............
#............
#............
#............
#...........


You could see 5 blink frogs.

Vanquished Creatures
  A hydra (Lair:3)
  2 ghost crabs (Lair:2)
  3 death yaks (D:9)
  A boulder beetle (Lair:3)
  A spectral hydra (Lair:2)
  Pikel (D:5)
  A cyclops (D:10)
  9 elephants
  2 black mambas
  3 cane toads
  An eye of devastation (Lair:4)
  Psyche (D:10)
  A kobold demonologist (D:10)
  4 komodo dragons
  2 rime drakes
  A troll (D:11)
  20 blink frogs
  A spectral elephant (Lair:2)
  4 culicivoras (Lair:3)
  A shadow (D:10)
  10 yaks (D:9)
  Eustachio (D:5)
  4 wyverns
  8 vampire mosquitoes (D:10)
  2 steam dragons
  Edmund (D:4)
  8 water moccasins
  A floating eye (Lair:4)
  An ice beast (D:5)
  9 orc warriors
  3 black bears
  2 sky beasts
  2 ogres
  2 centaurs
  8 wolves
  A phantom (D:5)
  2 kobold brigands
  11 bullfrogs
  5 scorpions
  5 wights (D:9)
  5 killer bees (D:7)
  A howler monkey (D:9)
  2 hounds
  5 orc priests
  4 jellies
  4 sleepcaps
  3 gnoll boudas
  Terence (D:3)
  9 iguanas
  5 orc wizards
  9 hell rats
  11 adders
  27 gnolls
  6 river rats
  2 white imps
  4 worms
  2 dart slugs
  48 orcs
  3 bats
  4 endoplasms
  2 giant cockroaches (D:1)
  11 goblins
  6 hobgoblins
  2 jackals (D:1)
  12 kobolds
  4 quokkas
  14 ball pythons
  4 frilled lizards (D:1)
  13 rats
369 creatures vanquished.

Vanquished Creatures (collateral kills)
  A komodo dragon (Lair:3)
  2 blink frogs (Lair:3)
3 creatures vanquished.

Vanquished Creatures (others)
  A bullfrog (D:8)
  An orc (D:8)
  21 fungi
  10 plants
  15 withered plants (Lair:3)
48 creatures vanquished.

Grand Total: 420 creatures vanquished

Notes
Turn   | Place    | Note
-------+----------+-------------------------------------------
     0 | D:1      | MisterFreud the Felid Berserker began the quest for the
                  | Orb.
     0 | D:1      | Reached XP level 1. HP: 10/10 MP: 2/2
    52 | D:1      | Reached skill level 1 in Stealth
    86 | D:1      | Found a faded altar of an unknown god.
   132 | D:1      | Reached XP level 2. HP: 11/14 MP: 3/3
   732 | D:2      | Reached ** piety under Trog
   743 | D:2      | Reached XP level 3. HP: 17/17 MP: 4/4
   860 | D:2      | Found Ipa Umue's Armour Emporium.
   945 | D:2      | Reached XP level 4. HP: 5/21 MP: 5/5
  1038 | D:2      | Mangled by a gnoll
  1039 | D:2      | Reached XP level 3. HP: -6/25 MP: 4/4
  1228 | D:2      | Reached skill level 5 in Stealth
  1636 | D:3      | Reached XP level 4. HP: 19/21 MP: 5/5
  1882 | D:3      | Found a stormy altar of Qazlal.
  1883 | D:3      | Found an ornate altar of the Wu Jian Council.
  1884 | D:3      | Found a radiant altar of Vehumet.
  1884 | D:3      | Found an opulent altar of Gozag.
  1885 | D:3      | Found a basalt altar of Yredelemnul.
  1886 | D:3      | Found an iron altar of Okawaru.
  1887 | D:3      | Found a white marble altar of Elyvilon.
  1888 | D:3      | Found a glowing silver altar of Zin.
  1937 | D:3      | Reached XP level 5. HP: 12/24 MP: 6/6
  2342 | D:3      | Noticed Terence
  2345 | D:3      | Killed Terence
  2346 | D:3      | Reached skill level 5 in Unarmed Combat
  2429 | D:4      | Gained mutation: You are covered in thick fur. (AC +2)
                  | [Felid growth]
  2429 | D:4      | Reached XP level 6. HP: 28/28 MP: 7/7
  2532 | D:4      | Noticed a sky beast
  2541 | D:4      | Killed a sky beast
  2722 | D:4      | Found Anoaguyv's Book Shop.
  2819 | D:4      | Reached skill level 5 in Dodging
  2906 | D:4      | Reached *** piety under Trog
  3063 | D:4      | Found a staircase to the Ecumenical Temple.
  3257 | D:5      | Entered Level 5 of the Dungeon
  3261 | D:5      | Reached XP level 7. HP: 31/31 MP: 8/8
  3275 | D:5      | Noticed Edmund
  3281 | D:5      | Noticed Eustachio
  3290 | D:4      | Killed Edmund
  3402 | D:5      | Killed Eustachio
  3411 | D:5      | Noticed Pikel
  3606 | D:5      | Reached XP level 8. HP: 17/34 MP: 9/9
  3643 | D:5      | Reached skill level 10 in Dodging
  3732 | D:5      | Killed Pikel
  3869 | D:5      | Reached skill level 5 in Fighting
  4010 | D:5      | Identified a scroll of acquirement
  4010 | D:5      | Acquired a manual of Unarmed Combat
  4055 | D:6      | Reached XP level 9. HP: 40/40 MP: 10/10
  4293 | D:6      | Reached skill level 5 in Evocations
  4413 | D:6      | HP: 2/41 [acid (2)]
  4624 | D:6      | Found a hide-covered altar of Uskayaw.
  4671 | D:7      | Found a snail-covered altar of Cheibriados.
  4671 | D:7      | Found a burning altar of Makhleb.
  4835 | D:7      | Found a flagged portal.
  4847 | Bailey   | Entered a bailey
  5258 | Bailey   | Mangled by an orc warrior
  5259 | Bailey   | Reached XP level 8. HP: -7/38 MP: 9/9
  5337 | D:7      | Found Sam Rink's Magic Scroll Shoppe.
  5452 | D:7      | Reached **** piety under Trog
  6051 | D:8      | Reached XP level 9. HP: 40/41 MP: 10/10
  6517 | D:8      | Reached skill level 10 in Stealth
  6517 | D:8      | Reached skill level 10 in Unarmed Combat
  6628 | D:8      | Identified the +1 robe of the Shouting Gods {rElec rN++}
  7201 | D:8      | Reached XP level 10. HP: 15/46 MP: 11/11
  7434 | D:8      | Found a shimmering blue altar of Sif Muna.
  7756 | D:9      | Noticed a death yak
  7758 | D:9      | Found a staircase to the Lair.
  7758 | D:9      | Noticed a death yak
  7758 | D:9      | Noticed a death yak
  7777 | D:9      | Killed a death yak
  7790 | D:9      | Killed a death yak
  8061 | D:9      | Killed a death yak
  8435 | D:9      | Found a staircase to the Orcish Mines.
  8490 | D:10     | Entered Level 10 of the Dungeon
  8666 | D:10     | Noticed Psyche
  8676 | D:10     | Reached XP level 11. HP: 34/52 MP: 12/12
  8690 | D:10     | Killed Psyche
  8746 | D:10     | Reached ***** piety under Trog
  9000 | D:10     | Found a bloodstained altar of Trog.
  9482 | D:11     | HP: 1/53 [acid dragon/splash of acid (33)]
  9682 | Lair:1   | Entered Level 1 of the Lair of Beasts
  9798 | Lair:1   | Reached skill level 15 in Unarmed Combat
  9811 | Lair:1   | Reached skill level 10 in Fighting
 11484 | Lair:2   | Gained mutation: Your thick and shaggy fur keeps you warm.
                  | (AC +3, rC+) [Felid growth]
 11484 | Lair:2   | Reached XP level 12. HP: 51/57 MP: 13/13
 11564 | Lair:2   | Found a staircase to the Swamp.
 11564 | Lair:2   | Noticed a ghost crab
 11564 | Lair:2   | Noticed a ghost crab
 11572 | Lair:2   | Killed a ghost crab
 11581 | Lair:2   | Killed a ghost crab
 11857 | Lair:3   | HP: 2/58 [cane toad (15)]
 12087 | Lair:3   | Noticed a boulder beetle
 12090 | Lair:3   | Killed a boulder beetle
 12190 | Lair:3   | Reached skill level 15 in Dodging
 12435 | Lair:3   | Found a hole to the Spider Nest.
 12557 | Lair:3   | Killed from afar by an oklob plant
 12558 | Lair:3   | Reached XP level 11. HP: -9/54 MP: 12/12
 12613 | Lair:3   | Noticed a seven-headed hydra
 12616 | Lair:3   | Killed a seven-headed hydra
 13212 | Lair:4   | Found a staircase to the Slime Pits.
 13213 | Lair:4   | Found a viscous altar of Jiyva.
 13220 | Lair:4   | Reached XP level 12. HP: 58/58 MP: 13/13
 13301 | Lair:4   | Acquired a manual of Stealth
 13305 | Lair:4   | Acquired the amulet of Exhibitionism {Acrobat rElec rF+
                  | Regen+}
 13344 | Lair:4   | Slain by a blink frog

Illustrated notes

Levels and vault maps discovered:
D:1:      minmay_arrival_floating_metal, layout_rooms,
          hellmonk_ecumenical_altar_dog_temple, chequers_decorated_corner,
          st_stairs_8, minmay_pentomino_u2
D:2:      layout_loops_ring, serial_shops, nicolae_shop_peninsula
D:3:      layout_loops_ring, minitemple, uniq_terence
D:4:      layout_gridville, minmay_temple_entry_enclosed_plants, serial_shops,
          shop
D:5:      layout_rooms, minmay_crystal_water, uniq_eustachio, uniq_edmund,
          uniq_pikel
D:6:      layout_gridville, kennysheep_mini
D:7:      layout_basic, mainiacjoe_overflow_catwalk_spiral, serial_shops,
          nicolae_diamond_shop, enter_bailey_3
D:8:      layout_layer_cave, led_sif_pool
D:9:      layout_basic, dpeg_lair_monsters, erik_orc_2, serial_corexii_hall,
          corexii_hall_statues_x, corexii_hall_statues_x
D:10:     layout_loops_cross, tgw_trog, uniq_psyche
D:11:     layout_basic, kennysheep_potato
Lair:1:   layout_concentric_octagons, lemuel_fruit_tree
Lair:2:   layout_roguey, nicolae_swamp_entry_spooky, gauntlet_entry_generic
Lair:3:   layout_roguey, hellmonk_spider_entry_life_and_decay,
          pdpol_lair_neglected_garden, kennysheep_rathole
Lair:4:   layout_cave_shapes, minmay_slime_entry_eyes, tgw_fedhas,
          grunt_megastairs_4, serial_bayou_shore_b

Skill      XL: |  1  2  3  4  5  6  7  8  9 10 11 12 |
---------------+-------------------------------------+-----
Stealth        | 2 3 5 6 9 10 11 | 11.1
Unarmed Combat | 4 5 6 9 12 14 15 | 15.3
Dodging        | 6 9 10 13 15 | 15.5
Fighting       | 5 6 8 10 | 10.5
Evocations     | 4 5 7 8 |  8.8

Action                     |  1- 3 |  4- 6 |  7- 9 | 10-12 || total
---------------------------+-------+-------+-------+-------++-------
  Melee: Unarmed           |   101 |   115 |   378 |   576 ||  1170
         Bite              |     4 |    15 |    57 |    86 ||   162
         Punch             |     1 |     5 |    28 |    66 ||   100
 Invoke: Berserk           |     2 |     5 |    10 |    12 ||    29
         Trog's Hand       |       |       |     5 |     5 ||    10
         Brothers in Arms  |       |       |       |     4 ||     4
    Use: Scroll            |     5 |     7 |    11 |     9 ||    32
         Potion            |       |       |     4 |     3 ||     7
   Stab: Sleeping          |    13 |    13 |    20 |    11 ||    57
         Distracted        |       |     1 |     2 |     4 ||     7
 Armour: Skin              |     4 |     6 |     7 |    10 ||    27
  Dodge: Dodged            |    58 |    83 |   483 |   570 ||  1194
